Cogmind - Beta 14 @@@ ROGUE MODE // 2024.11.19 @ 04:02:50 Player: atomicthumbs Result: Destroyed by S-10 Pest with Light Assault Rifle Performance ------------- Evolutions (1) 500 Regions Visited (5) 1000 Robots Destroyed (19) 95 Value Destroyed (571) 571 Prototype IDs (3) 60 Alien Tech Used (0) 0 Bonus (400) 400 TOTAL SCORE: 2626 Bonus ------- Pacifist 200 Entered Garrisons 200 Cogmind --------- Core Integrity 0/400 Matter 285/300 Energy 280/280 System Corruption 0% Temperature Cool (0) Movement Core (300) Ox5 Location -9/Garrison Parts ------- > --- POWER (1) -------- Heavy Ion Engine > --- PROPULSION (2) --- (None) > --- UTILITY (4) ------ Small Storage Unit Signal Interpreter Power Shielding > --- WEAPON (2) ------- Mace > --- INVENTORY (8) ---- Heavy Ion Engine Light Treads Disposable Heat Sink Huge Storage Unit Large Battery (200) Hardened Light Armor Plating Peak State ------------ > --- POWER ------------ Heavy Ion Engine > --- PROPULSION ------- Improved Aluminum Leg Improved Aluminum Leg > --- UTILITY ---------- Small Storage Unit Signal Interpreter Power Shielding Light Armor Plating > --- WEAPON ----------- Light EM Pulse Cannon Advanced Beam Cannon > --- INVENTORY -------- Heavy Ion Engine Light Treads Disposable Heat Sink Huge Storage Unit Large Battery Hardened Light Armor Plating Mace [Rating: 17] Favorites ----------- Power Heavy Ion Engine Engine Heavy Ion Engine Propulsion Light Treads Treads Light Treads Leg Improved Aluminum Leg Wheel Compact Wheel Utility Small Storage Unit Storage Small Storage Unit Processor Signal Interpreter Protection Power Shielding Weapon EM Pulse Gun Energy Gun EM Pulse Gun Energy Cannon Light EM Pulse Cannon Impact Weapon Mace Build | -11 -10 -10 -9 -9 -9 ------- Run | Yrd Mat Min Mat Sto Gar Slots Evolved 2 | . . . 2 . . Power . | . . . . . . Propulsion . | . . . . . . Utility 2 | . . . 2 . . Weapon . | . . . . . . Parts Attached 30 | 7 1 . 17 5 . Power 2 | 1 . . 1 . . Engine 2 | 1 . . 1 . . Core . | . . . . . . Reactor . | . . . . . . Propulsion 7 | 2 . . 3 2 . Treads 3 | . . . 3 . . Leg 2 | . . . . 2 . Wheel 2 | 2 . . . . . Hover . | . . . . . . Flight . | . . . . . . Utility 6 | 1 1 . 4 . . Device . | . . . . . . Storage 2 | 1 . . 1 . . Processor 1 | . . . 1 . . Hackware . | . . . . . . Protection 3 | . 1 . 2 . . Artifact . | . . . . . . Weapon 15 | 3 . . 9 3 . Energy Gun 9 | 3 . . 5 1 . Energy Cannon 5 | . . . 4 1 . Ballistic Gun . | . . . . . . Ballistic Cannon . | . . . . . . Launcher . | . . . . . . Special Weapon . | . . . . . . Impact Weapon 1 | . . . . 1 . Slashing Weapon . | . . . . . . Piercing Weapon . | . . . . . . Special Melee Weapon . | . . . . . . Unidentified Prototypes 3 | . . . 3 . . Parts Lost 11 | . . . 5 3 3 Power . | . . . . . . Propulsion 4 | . . . 2 . 2 Utility 1 | . . . . 1 . Weapon 6 | . . . 3 2 1 Highest Loss Streak 3 | . . . 2 1 3 To Critical Strikes 1 | . . . . . 1 Average Slot Usage (%) 89 | . 94 100 84 92 84 Engine 11 | . 14 14 11 11 11 Treads 7 | . . . 9 11 . Leg 3 | . . . . 9 19 Wheel 11 | . 28 28 10 . . Storage 12 | . 14 14 11 11 11 Processor 7 | . . . 8 11 11 Protection 14 | . 8 14 14 20 11 Energy Gun 14 | . 28 28 14 2 . Energy Cannon 4 | . . . 3 11 9 Impact Weapon 1 | . . . . 3 11 Peak Build Rating 17 | 6 7 7 14 17 16 Average Rating 11 | 4 6 7 12 14 15 On Entrance 8 | . 6 7 7 12 16 Naked Turns . | . . . . . . Heaviest Build 25 | 14 15 15 24 25 20 Greatest Support 40 | 26 26 26 40 40 26 Greatest Overweight (x) 6 | . . . 1 1 6 Average Overweight (x) . | . . . . . . Largest Inventory Capacity 8 | 8 8 8 8 8 8 Average Capacity 7 | 7 8 8 8 8 8 Most Carried 8 | . 1 1 8 8 6 Average Carried 4 | . . 1 5 6 6 Final Capacity 8 | 8 8 8 8 8 8 Final Carried 8 | . 1 1 8 6 6 Class Distribution -------------------- 100% | Mutant Dominant Class ---------------- Mutant | -10/Materials Mutant | -10/Mines Mutant | -9/Materials Mutant | -9/Storage Mutant | -9/Garrison Resources | -11 -10 -10 -9 -9 -9 ----------- Run | Yrd Mat Min Mat Sto Gar Matter Collected 445 | 227 . . 138 80 . Remotely . | . . . . . . Salvage Created 776 | . . . 495 281 . Parts 52 | . . . 33 19 . Haulers Intercepted 1 | . . . 1 . . Recyclers Shooed . | . . . . . . Parts Field Recycled . | . . . . . . Retrieved Matter . | . . . . . . Parts Self-Destructed . | . . . . . . Prevented . | . . . . . . Kills | -11 -10 -10 -9 -9 -9 ------- Run | Yrd Mat Min Mat Sto Gar Combat Hostiles Destroyed 15 | . . . 9 6 . Guns 6 | . . . 6 . . Cannons 5 | . . . 1 4 . AOE 2 | . . . 1 1 . Classes Destroyed 7 | . . . 6 1 . Worker 1 | . . . 1 . . Hauler 1 | . . . 1 . . Recycler 1 | . . . 1 . . Operator 1 | . . . . 1 . Swarmer 2 | . . . 2 . . Grunt 9 | . . . 5 4 . Sentry 4 | . . . 2 2 . Best Kill Streak 5 | . . . 4 5 . Combat Bots Only 4 | . . . 3 4 . Max Kills in Single Turn 2 | . . . 2 2 . Gunslinging . | . . . . . . Exploded 1 | . . . 1 1 . Melee . | . . . . . . Uniques/NPCs Destroyed . | . . . . . . Combat | -11 -10 -10 -9 -9 -9 -------- Run | Yrd Mat Min Mat Sto Gar Hostile Shots Fired 216 | . . 9 74 43 90 Missed 77 | . . 3 21 15 38 Damage Taken 1734 | . . 83 700 422 529 Core 433 | . . 28 189 44 172 Absorbed by Shields . | . . . . . . Redirected to Shielding 36 | . . 4 8 13 11 Core Remaining (%) 94 | 100 . 88 . . . Volleys Fired 52 | . . 1 35 16 . Largest 2 | . . 2 2 2 . Hottest 124 | . . 90 101 124 . Shots Fired 76 | . . 2 52 22 . Gun 49 | . . 2 43 4 . Cannon 27 | . . . 9 18 . Launcher . | . . . . . . Special . | . . . . . . Kinetic . | . . . . . . Thermal 4 | . . 1 . 3 . Explosive . | . . . . . . Electromagnetic 72 | . . 1 52 19 . Robot Hit Streak 7 | . . . 6 7 . Robot Miss Streak 6 | . . 2 6 2 . Penetration Max . | . . . . . . Secondary Targets . | . . . . . . Shots Hit Robots 56 | . . . 32 24 . Core Hits 27 | . . . 19 8 . Critical Kills . | . . . . . . Critical Parts Destroyed . | . . . . . . Critical Strikes . | . . . . . . Melee Attacks 10 | . . . . 10 . Impact 10 | . . . . 10 . Slashing . | . . . . . . Piercing . | . . . . . . Sneak Attacks . | . . . . . . Combat Hostiles . | . . . . . . Follow-up Attacks . | . . . . . . Damage Inflicted 1314 | . . . 736 578 . Guns 415 | . . . 373 42 . Cannons 414 | . . . 129 285 . Explosions 315 | . . . 234 81 . Melee 170 | . . . . 170 . Ramming . | . . . . . . Kinetic . | . . . . . . Thermal 301 | . . . 178 123 . Explosive 56 | . . . 56 . . Electromagnetic 787 | . . . 502 285 . Impact 170 | . . . . 170 . Slashing . | . . . . . . Piercing . | . . . . . . Highest Corruption . | . . . . . . Average Corruption . | . . . . . . Corruption Purged . | . . . . . . Corruption Blocked . | . . . . . . Overload Shots . | . . . . . . Overflow Damage 2 | . . . . 2 . Projectiles . | . . . . . . Explosions . | . . . . . . Melee 2 | . . . . 2 . Knockbacks . | . . . . . . Impact . | . . . . . . Kinetic . | . . . . . . Secondary . | . . . . . . Self-Inflicted Damage 136 | . . . 96 40 . Shots 3 | . . . 2 1 . Rammed . | . . . . . . Targets Rammed . | . . . . . . Kicked . | . . . . . . Crushed . | . . . . . . Highest Temperature 296 | . . 50 296 189 4 Average Temperature 84 | . . 22 95 70 4 Received Heat Transfer 622 | . . 76 270 156 120 Effects 5 | . . . 5 . . Energy Bleed 1 | . . . 1 . . Interference 4 | . . . 4 . . Siege Activations . | . . . . . . Robots Corrupted 2 | . . . 1 1 . Combat Hostiles 2 | . . . 1 1 . Parts Fried 1 | . . . 1 . . Impact Corruptions 2 | . . . . 2 . Robots Melted . | . . . . . . Combat Hostiles . | . . . . . . Parts Melted . | . . . . . . Heat Transferred 324 | . . . 250 74 . Parts Sabotaged . | . . . . . . Parts Stolen . | . . . . . . Parts Stripped . | . . . . . . Power Chain Reactions 4 | . . . 3 1 . Alert | -11 -10 -10 -9 -9 -9 ------- Run | Yrd Mat Min Mat Sto Gar Peak Influence 281 | . . 71 184 281 227 Initial 182 | . . . 27 68 182 Average 115 | . . 33 126 191 199 Maximum Alert Level 1 | . . . . 1 1 Low Security (%) 86 | 100 100 100 100 38 61 Level 1 13 | . . . . 61 39 Level 2 . | . . . . . . Level 3 . | . . . . . . Level 4 . | . . . . . . Level 5 . | . . . . . . High Security . | . . . . . . Max Security . | . . . . . . Squads Dispatched 6 | . . . 2 4 . Investigation 2 | . . . 1 1 . Extermination . | . . . . . . Reinforcement 3 | . . . 1 2 . Assault . | . . . . . . Garrison 1 | . . . . 1 . Intercept . | . . . . . . Searches Triggered . | . . . . . . Construction Impeded . | . . . . . . Haulers Reinforced . | . . . . . . Active Scanning Responses . | . . . . . . Cargo Convoy Interrupts . | . . . . . . Stealth | -11 -10 -10 -9 -9 -9 --------- Run | Yrd Mat Min Mat Sto Gar Distress Signals 2 | . . 1 . 1 . Communications Jammed . | . . . . . . Distress Signals . | . . . . . . Times Spotted 38 | . . 4 12 11 11 Peak Tracking Total 11 | . . 2 4 7 11 Tactical Retreats 3 | . . 1 . 2 . Traps | -11 -10 -10 -9 -9 -9 ------- Run | Yrd Mat Min Mat Sto Gar Traps Triggered 1 | . . . . 1 . Indirectly . | . . . . . . Trap Hack Attempts . | . . . . . . Triggered . | . . . . . . Disarmed . | . . . . . . Reprogrammed . | . . . . . . Reused . | . . . . . . Traps Extracted . | . . . . . . Installed . | . . . . . . Triggered . | . . . . . . Machines | -11 -10 -10 -9 -9 -9 ---------- Run | Yrd Mat Min Mat Sto Gar Machines Disabled 4 | . . 1 3 . . Max in Single Turn 2 | . . 1 2 . . Machines Repaired . | . . . . . . Machines Dismantled . | . . . . . . Machines Sabotaged . | . . . . . . Overloaded Fab Kills . | . . . . . . Hacking | -11 -10 -10 -9 -9 -9 --------- Run | Yrd Mat Min Mat Sto Gar Machines Accessed 5 | . 2 . 1 1 1 Terminals 3 | . 2 . . . 1 Fabricators . | . . . . . . Repair Stations . | . . . . . . Recycling Units 1 | . . . 1 . . Scanalyzers . | . . . . . . Garrison Access 1 | . . . . 1 . Total Hacks 15 | . 5 . 4 5 1 Successful 4 | . 2 . . 1 1 Failed 11 | . 3 . 4 4 . Catastrophic 4 | . 1 . 2 1 . Database Lockouts . | . . . . . . Manual 1 | . 1 . . . . Terminals 6 | . 5 . . . 1 Fabricators . | . . . . . . Repair Stations . | . . . . . . Recycling Units 4 | . . . 4 . . Scanalyzers . | . . . . . . Garrison Access 5 | . . . . 5 . Terminal Hacks 3 | . 2 . . . 1 Record 2 | . 2 . . . . Emergency Access Points 1 | . . . . . 1 Fabricator Hacks . | . . . . . . Repair Station Hacks . | . . . . . . Recycling Unit Hacks . | . . . . . . Scanalyzer . | . . . . . . Garrison Access Hacks 1 | . . . . 1 . Unlock Access 1 | . . . . 1 . Unauthorized Hacks . | . . . . . . Terminals . | . . . . . . Fabricators . | . . . . . . Repair Stations . | . . . . . . Recycling Units . | . . . . . . Scanalyzers . | . . . . . . Garrison Access . | . . . . . . Data Cores Recovered . | . . . . . . Used . | . . . . . . Hacking Detections 4 | . 2 . 1 1 . Full Trace Events 1 | . . . 1 . . Feedback Events . | . . . . . . Feedback Blocked . | . . . . . . Robot Schematics Acquired . | . . . . . . Robots Built . | . . . . . . Authchips . | . . . . . . Time . | . . . . . . Total Robot Build Rating . | . . . . . . Part Schematics Acquired . | . . . . . . Parts Built . | . . . . . . Authchips . | . . . . . . Time . | . . . . . . Total Part Build Rating . | . . . . . . Parts Repaired . | . . . . . . Time . | . . . . . . Parts Recycled . | . . . . . . Recycled Matter . | . . . . . . Retrieved Matter . | . . . . . . Retrieved Components . | . . . . . . Parts Scanalyzed . | . . . . . . Part Schematics Acquired . | . . . . . . Parts Damaged . | . . . . . . Bothacking | -11 -10 -10 -9 -9 -9 ------------ Run | Yrd Mat Min Mat Sto Gar Used RIF Installer . | . . . . . . Robots Hacked . | . . . . . . Non-combat . | . . . . . . Combat . | . . . . . . Robot Hacks Applied . | . . . . . . Relay Couplers Released . | . . . . . . Fabnet Peak Effective % . | . . . . . . Robots Rewired . | . . . . . . Allies Hacked . | . . . . . . Hacks Repelled . | . . . . . . Allies | -11 -10 -10 -9 -9 -9 -------- Run | Yrd Mat Min Mat Sto Gar Total Allies . | . . . . . . Largest Group . | . . . . . . Highest-Rated Group . | . . . . . . Highest-Rated Ally . | . . . . . . Total Orders . | . . . . . . Ally Attacks . | . . . . . . Total Damage . | . . . . . . Kills . | . . . . . . Allies Corrupted . | . . . . . . Allies Melted . | . . . . . . Intel | -11 -10 -10 -9 -9 -9 ------- Run | Yrd Mat Min Mat Sto Gar Robot Analysis Total . | . . . . . . Derelict Logs Recovered . | . . . . . . Drone Launches . | . . . . . . Drone Recoveries . | . . . . . . Exploration | -11 -10 -10 -9 -9 -9 ------------- Run | Yrd Mat Min Mat Sto Gar Turns Passed 1391 | 53 50 269 677 242 100 Spaces Moved 834 | 52 53 126 407 115 81 Core 12 | 11 . . . . 1 Treads 296 | . . . 233 63 . Legs 132 | . . . . 52 80 Wheels 394 | 41 53 126 174 . . Hover . | . . . . . . Flight . | . . . . . . Fastest Speed 50 | 50 90 90 90 120 120 Average Speed 121 | 80 90 90 134 142 123 Slowest Speed 350 | 90 90 90 240 190 350 Overloaded Moves . | . . . . . . Propulsion Burnouts . | . . . . . . Robots Hopped . | . . . . . . Cave-ins Triggered . | . . . . . . Exploration Rate (%) 25 | 4 17 51 31 21 27 Regions Visited 5 Branch Regions 2 Pre-discovered Areas . | . . . . . . Known Exits Taken 2 | . . . 1 1 . Unknown Exits Taken 3 | 1 1 1 . . . Scrap Searched . | . . . . . . Spaces Dug . | . . . . . . Terrain Destroyed 46 | . . 11 33 2 . Melee . | . . . . . . Projectile . | . . . . . . AOE 46 | . . 11 33 2 . Terrain Rammed . | . . . . . . Walls Destroyed . | . . . . . . Machines Disabled . | . . . . . . Actions | -11 -10 -10 -9 -9 -9 --------- Run | Yrd Mat Min Mat Sto Gar Total 1109 | 59 54 279 483 153 81 Wait 165 | . . 153 8 4 . Move 830 | 51 52 125 406 115 81 Hop . | . . . . . . Pick Up 12 | . 1 . 10 1 . Fast Attach 15 | 7 1 . 5 2 . Attach 10 | . . . 7 3 . Detach 4 | . . . 4 . . Swap 5 | . . . 5 . . Drop 6 | 1 . . 3 2 . Fire 52 | . . 1 35 16 . Melee 10 | . . . . 10 . Ram . | . . . . . . Kick . | . . . . . . Crush . | . . . . . . Escape Stasis . | . . . . . . Rewire . | . . . . . . Trap . | . . . . . . Miscellaneous . | . . . . . . Route ------- -11/Scrapyard -10/Materials -10/Mines -9/Materials -9/Storage -9/Garrison History --------- Turn | Location | Event 28 | -11/Scrapyard | Discovered new exit (range 15) 54 | -11/Scrapyard | Entered Materials 97 | -10/Materials | Discovered new exit (range 6) 104 | -10/Materials | Entered Mines 165 | -10/Mines | Excavation squad dispatched 165 | -10/Mines | A large section of the Mines collapsed 303 | -10/Mines | Build established: Mutant 356 | -10/Mines | Discovered new exit (range 14) 373 | -10/Mines | Entered Materials 373 | -9/Materials | Evolved 2 slots: Utility x2 843 | -9/Materials | Discovered new exit (range 14) 977 | -9/Materials | Identified exit to Storage 1050 | -9/Materials | Entered Storage 1217 | -9/Storage | Core integrity fell below 50% 1256 | -9/Storage | Garrison activated, responded to threat 1292 | -9/Storage | Identified exit to Garrison 1292 | -9/Storage | Entered Garrison 1344 | -9/Garrison | Triggered checkpoint 1350 | -9/Garrison | Triggered checkpoint 1353 | -9/Garrison | Triggered checkpoint 1362 | -9/Garrison | Core integrity fell below 20% 1392 | -9/Garrison | Destroyed by S-10 Pest with Light Assault Rifle Last Messages --------------- 01262_ Destroyed Heat Sink. 01262_ Destroyed Lgt. Armor Plating. 01262_ Y-45 Defender system corrupted by crushing effect. 01263_ Y-45 Defender system terminally corrupted. 01292_ Connecting with Garrison Access... >>Unlock Access door unlocked. 01292_ EXIT=UNLOCKED: GARRISON 01292_ Connecting with Garrison Access... LOCATION=GARRISON GOAL=ESCAPE 01330_ Connecting with Garrison Terminal... >>Access(Emergency) Found 52 emergency access points. Map updated. 01344_ Beams of light sweep through the air. An alarm sounds. 01362_ S-10 Pest destroyed. 01387_ Critical hit (Destroy). 01387_ Imp. Aluminum Leg destroyed. 01389_ Adv. Beam Cannon destroyed. Map ----- +----------------------------------------------------+ | ??#^ ######## #????????????????????????+?+??????? | | ??# ## ## #?????????????????????????????????? | | ?## ## ##% ##????????????????????????????????? | | ## [ #????????????????????????????????? | | #????????????????????????????????? | | #????????????????????????????????? | | ## ## ## #????????????????????????????????? | | ?# ## ## ###??????????????????????????????? | | #??????????????????????????????? | | #??????????????????????????????? | | #??????????????????????????????? | | #??????????????????????????????? | | ## ## ## ###??????????????????????????????? | | ?# ## ## ################# #????????????? | | ?+ ??????????????? | | ?+ bg #?????????????????????? | | ?# g +?????????????????????? | | ?# ##""""##++####/####sss#?????????????????????? | | ?# ??????????????????# #?????????????????????? | | ?# ??+???????????????# #?????????????????????? | | ?? ??????????????????# #?????????????????????? | | ?+???+?????????????????# #??+??????????????????? | | ???????????????????????# #?????????????????????? | | ???????????????????????# ##"""##### #????????? | | ???????????????????????+ ????????? | | ???????????????????????+ @ ????????? | | ???????????????????????# ###########???????????? | | ???????????????????????# #?????????????????????? | | ???????????????????????# #?????????????????????? | | ???????????????????????# #?????????????????????? | | ???????????????????????# #?????????????????????? | | ???????????????????????# #?????????????????????? | | ???????????????????????# #?????????????????????? | | ???????????????????????# #?????????????????????? | | ???????????????????????# #?????????????????????? | | ???????????????????????# #?????????????????????? | | ???????????????????????# #?????????????????????? | | ???????????????????????# #?????????????????????? | | ???????????????????????? ??????????????????????? | | ???????????????????????? ??????????????????????? | | ???????????????????????? ??????????????????????? | | ?????????????????????????????????????????????????? | | ?????????????????????????????????????????????????? | | ?????????????????????????????????????????????????? | | ?????????????????????????????????????????????????? | | ?????????????????????????????????????????????????? | | ?????????????????????????????????????????????????? | | ?????????????????????????????????????????????????? | | ?????????????????????????????????????????????????? | | ?????????????????????????????????????????????????? | +----------------------------------------------------+ Best States ------------- Heat Dissipation 28 Energy Generation 14 Energy Capacity 480 Matter Stores 300 Matter Capacity 300 Sight Range 16 Terrain Scan Density 10 Armor Coverage 150 Power Shielding 33 Evasion (%) 55 Recoil Reduction 2 Item Schematics ----------------- None Robot Schematics ------------------ None Fabricated ------------ Nothing Alien Tech Used ----------------- None Achievements -------------- Troublemaker Challenges ------------ None Game ------ Seed SignalHeartDesublimator Manual? 0 Play Time 00:20:18 Cumulative 7.3 hours Start 2024.11.19 @ 03:40:47 End 2024.11.19 @ 04:02:50 Sessions 1 Manual Loads 0 Difficulty Rogue Special Mode None Game No. 8 Rogue 8 Adventurer 0 Explorer 0 Win Type - Total 0 Types 0/0/0/0/0/0/0/0/0 Lore% 4 Gallery% 13 Achievement% 14 Wizard Run 0 Options --------- Layout 0 ASCII 0 Keyboard 0 Movement Mouse Keybinds 0 Fullscreen 2 Font 24/X11 Map View 76x50 Zoom Use 0% Tactical HUD 1 Map Filters NONE Filters NONE Steam 1 RUN: 5912e390-1ecb-4aa4-aedf-b15c6bfee21d